Map: 16-Bit LE

Players

Steve

  • Race: Terran Terran
  • League: Silver
  • Spawn Location: 1:00

A.I. 1 (Harder)

  • Race: Terran Terran
  • Spawn Location: 7:00

VOD

Have the link to the VOD?

Description

Time

  • Played on: July 1, 2018, 6:02 p.m.
  • Length: 12:12
Show
View Real Time Build Order
Export as new Build Order

Steve Terran 

Build Orders:  

Get SALT Encoding   

  12  0:00  Orbital Command  
    0:13  SCV x12  
    0:27  SCV  
  13  0:39  Supply Depot  
  13  0:44  SCV  
  14  0:55  Refinery  
  14  0:56  SCV  
  15  1:11  Barracks  
  15  1:16  SCV  
  16  1:28  SCV  
  16  1:32  Refinery  
  17  1:40  SCV  
  18  1:52  SCV  
  19  2:03  Factory  
  19  2:11  Barracks Reactor  
  19  2:19  Supply Depot  
  19  2:25  SCV  
  20  2:37  SCV  
  21  3:04  Orbital Command  
  21  3:06  Cyclone x2  
  21  3:09  Marine  
  28  3:20  Supply Depot  
  28  3:32  SCV  
  29  3:35  Marine  
  30  3:42  Cyclone x2  
  30  3:45  Supply Depot  
  36  3:50  SCV  
  36  3:53  Marine  
  38  4:08  Supply Depot  
  38  4:11  Marine  
  38  4:14  Cyclone x2  
  45  4:29  Marine  
  46  4:36  Supply Depot  
  46  4:46  Cyclone x2, Marine  
  53  5:11  Supply Depot  
  53  5:17  Marine  
  53  5:18  Cyclone  
  57  5:32  Cyclone  
  57  5:35  Marine  
  61  5:49  Supply Depot  
  61  5:54  Cyclone  
  61  5:56  Marine  
  65  6:01  SCV  
  66  6:06  Barracks  
  66  6:14  Marine  
  67  6:34  SCV, Command Center  
  67  6:36  Marine  
  69  6:41  Supply Depot  
  69  6:43  Cyclone x2  
  75  6:54  Marine  
  75  6:59  Barracks Tech Lab  
  76  7:07  SCV  
  77  7:09  Refinery  
  77  7:13  Supply Depot, Marine  
  77  7:15  Cyclone x2  
  84  7:30  Marine  
  85  7:48  SCV, Marine  
  87  7:52  Cyclone x2  
  93  8:00  SCV  
  94  8:05  Supply Depot  
  94  8:07  Marine  
  94  8:08  Marine  
  96  8:20  Bunker  
  96  8:24  Marine  
  97  8:27  Supply Depot  
  97  8:31  Cyclone x2  
  103  8:40  SCV  
  104  8:52  SCV  
  104  8:53  Refinery  
  105  8:57  Marine  
  105  8:58  Marine  
  107  9:03  Cyclone x2  
  107  9:05  SCV  
  114  9:16  Marine  
  115  9:17  SCV  
  110  9:34  Marine  
  98  9:52  Marine  
Show
View Real Time Build Order
Export as new Build Order

A.I. 1 (Harder) Terran 

Build Orders: Command Center First (CC), MMM Bio 

Get SALT Encoding   

    0:13  SCV x12  
    0:25  Unknown  
    0:28  SCV  
  13  0:40  SCV  
  14  0:45  Supply Depot  
  14  0:52  SCV  
  15  1:07  SCV  
  16  1:19  SCV  
  17  1:31  SCV  
  18  1:33  Command Center  
  18  1:44  Barracks  
  18  1:49  Refinery  
  18  1:51  SCV  
  19  2:03  Supply Depot  
  19  2:09  SCV  
  20  2:24  Barracks  
  20  2:32  Refinery, Barracks Tech Lab  
  20  2:50  Marine  
  21  3:02  Factory  
  21  3:08  Marine  
  21  3:11  Marine  
  23  3:26  Marine  
  24  3:29  Marine  
  25  3:44  Marauder  
  25  3:46  Marine  
  28  3:53  Hellion  
  30  4:06  Marauder  
  30  4:07  Marine  
  30  4:08  Supply Depot  
  33  4:15  Hellion  
  35  4:27  Marauder  
  35  4:28  Marine  
  38  4:36  Hellion  
  40  4:46  SCV, Marine  
  40  4:50  Marine  
  43  4:56  Supply Depot  
  43  4:58  SCV, Hellion  
  46  5:03  SCV  
  47  5:08  Marauder  
  47  5:10  SCV  
  50  5:15  SCV  
  50  5:19  Hellion  
  52  5:22  SCV  
  52  5:27  SCV  
  54  5:32  Engineering Bay  
  54  6:09  Reaper  
  54  6:10  Factory Tech Lab  
  53  6:13  Starport  
  53  6:18  Factory  
  53  6:23  Starport  
  53  6:25  Reaper  
  54  6:32  Stimpack  
  54  6:41  Barracks Tech Lab  
  54  6:51  Terran Infantry Weapons Level 1, Starport Tech Lab  
  54  6:59  Combat Shield, Starport Tech Lab  
  54  7:01  Marine  
  54  7:02  Factory Tech Lab  
  54  7:07  Marine  
  56  7:14  Supply Depot  
  56  7:19  Marine  
  57  7:25  Marine  
  58  7:37  Marine  
  58  7:42  Command Center  
  58  7:43  Marine  
  62  7:58  Marauder  
  62  8:05  Marauder  
  64  8:11  Supply Depot  
  64  8:18  Concussive Shells  
  64  8:19  Reaper  
  65  8:24  Raven  
  65  8:26  Reaper  
  68  8:31  Raven  
  70  8:39  Supply Depot  
  70  8:47  Missile Turret  
  70  8:54  Missile Turret  
  70  8:56  SCV  
  70  9:02  SCV  
  72  9:07  SCV  
  72  9:09  SCV  
  74  9:14  SCV  
  75  9:21  SCV x2  
  77  9:26  SCV  
  77  9:28  Bunker  
  73  9:31  Marine  
  73  9:33  SCV  
  73  9:37  Reaper  
  34  10:05  SCV  
  23  10:09  Marine  
  23  10:10  SCV x2  
  22  10:25  SCV  
  22  10:27  Marine  
  8  10:53  SCV  
Tags
 
Composition
MMM Bio
League
Silver
Matchup
TvT
Race
Terran
Spawn Locations
Cross Positions
Add a new tag
Caveats
  • Supply blocks, unpowered buildings, or Contaminate may cause inaccurate times.
  • Supply counts are checked every 10 seconds.